 Dungeon Crawl Stone Soup version 0.30.1 (webtiles) character file.

Game seed: 6311865720293940872

210 Iich the Chopper (level 5, 43/43 HPs)
             Began as a Demonspawn Fighter on June 24, 2023.
             Got out of the dungeon alive.
             The game lasted 00:08:31 (1523 turns).

Iich the Chopper (Demonspawn Fighter)               Turns: 1523, Time: 00:08:31

Health: 43/43      AC:  6    Str: 18    XL:     5   Next: 56%
Magic:  5/5        EV: 11    Int: 10    God:
Gold:   104        SH:  4    Dex: 12    Spells: 4/4 levels left

rFire   . . .        a - +0 war axe
rCold   . . .        c - +0 buckler
rNeg    . . .        b - +0 scale mail
rPois   .            (helmet restricted)
rElec   .            (no cloak)
rCorr   .            (no gloves)
SInv    .            (no boots)
Will    .....        (no amulet) Stlth
                     (no ring)
HPRegen 0.27/turn    (no ring)
MPRegen 0.09/turn

%: no passive effects
@: no status effects
A: horns 2, repulsion field 1, demonic guardian 1
a: no special abilities


You escaped.
You visited 1 branch of the dungeon, and saw 3 of its levels.

You collected 104 gold pieces.

Inventory:

Hand Weapons
 a - a +0 war axe (weapon)
Armour
 b - a +0 scale mail (worn)
 c - a +0 buckler (worn)
Scrolls
 d - a scroll of enchant weapon
 e - a scroll of torment
 f - a scroll of vulnerability {unknown}
 g - 2 scrolls of fear
 j - 2 scrolls of poison
 t - a scroll of teleportation
Potions
 h - a potion of haste
 k - a potion of heal wounds {unknown}


   Skills:
 + Level 4.3 Fighting
 * Level 4.4 Axes
 - Level 2.7 Armour
 - Level 2.7 Shields


You had 4 spell levels left.
You didn't know any spells.
Your spell library contained the following spells:

 Spells                   Type           Power      Damage    Failure   Level
 Vhi's Electric Charge    Tloc/Air       0%         N/A       99%         3
 Arcjolt                  Conj/Air       0%         1d10      100%        5
 Maxwell's Capacitive Co  Air            0%         ∞         100%        8


Dungeon Overview and Level Annotations

Branches:
Dungeon (3/15)

Altars:
Dithmenos

Shops:
D:2 *


Innate Abilities, Weirdness & Mutations

You have a pair of horns on your head.
You are surrounded by a mild repulsion field. (EV +2)
A weak demonic guardian rushes to your aid.


Message History

There is a stone staircase leading up here.
Things that are here:
a +0 club; a +0 robe
There is a stone staircase leading down here.
You climb downwards.
The frilled lizard hisses angrily.
The orc shouts! x3; The orc priest shouts!
You hear an angry hiss.
Found 40 gold pieces and a rapier.
Found a stone staircase leading down.
There is a stone staircase leading up here.
There are monsters nearby!
Save game and exit?
Welcome back, Iich the Demonspawn Fighter.
Press ? for a list of commands and other information.
A ball python comes into view.
Found 6 gold pieces.
The orc priest mumbles some strange prayers to Beogh against you.
Pain shoots through your body! The rat closely misses you.
You take 9 damage, and have 34/43 hp. !!!!--MASSIVE DAMAGE--!!!!
There is a stone staircase leading up here.
The rat bites you but does no damage.
You climb upwards.
There is a stone staircase leading down here.
You closely miss the rat. The rat bites you but does no damage.
You barely miss the rat. The rat barely misses you.
You closely miss the rat. The rat bites you but does no damage.
You closely miss the rat. You headbutt the rat.
You kill the rat!
There is a stone staircase leading up here.
You climb upwards.
There is a stone staircase leading down here.
(D) Dungeon
Where to? (? - help)
What level of the Dungeon? (default 1, ? - help) HP restored.
You see here 5 boomerangs.
You see here a +0 spear.
There is a staircase leading out of the dungeon here.
Health restored: 43 Are you sure you want to leave the Dungeon?
This will make you lose the game!
You have escaped!

...## #.## #.# ##.........
..).#####.## #.# ##.###.#.#.#
......# ##.## #.# ##.####.#....
.#..#.# ##.## #.# ##)## #..##...
.#..#.# ##.###.###.## #.###.#.
.#..#.# ##.##.##.## #.###.#.
.#..#.##### ##.#.#.## #..##...
....#.....#####.#.#########..#...
#.#.#.##.......#@#.......#..>....
....#.#########.#.########.#.....
#.#...# ##.#.#.## #.#.....
....### ##.##.##.## #.##....
##.#### ##.###.###.## #.##(#.#
......# ##.## #.# ##.## #.......
.#.##.# ##.## ##.# ##.####...#.#
.#.##.###.## #..# ##.##..#....
......#..## ##..# ##...####..


There were no monsters in sight!

Vanquished Creatures
  Sigmund (D:2)
  Jessica (D:2)
  An adder (D:2)
  2 endoplasms
  A goblin (D:1)
  3 hobgoblins
  4 ball pythons
  2 bats
  2 frilled lizards
  2 kobolds
  4 rats
23 creatures vanquished.

Notes
Turn   | Place    | Note
-------+----------+-------------------------------------------
     0 | D:1      | Iich the Demonspawn Fighter began the quest for the Orb.
     0 | D:1      | Reached XP level 1. HP: 18/18 MP: 1/1
   404 | D:1      | Gained mutation: You have a pair of small horns on your
                  | head. [demonic ancestry]
   404 | D:1      | Reached XP level 2. HP: 24/24 MP: 2/2
   843 | D:2      | Noticed Sigmund
   852 | D:2      | Killed Sigmund
   853 | D:2      | Gained mutation: You have a pair of horns on your head.
                  | [demonic ancestry]
   853 | D:2      | Reached XP level 3. HP: 13/30 MP: 3/3
   853 | D:2      | Gained mutation: You are surrounded by a mild repulsion
                  | field. (EV +2) [demonic ancestry]
   853 | D:2      | Reached XP level 4. HP: 17/37 MP: 4/4
   853 | D:2      | Gained mutation: A weak demonic guardian rushes to your
                  | aid. [demonic ancestry]
   853 | D:2      | Reached XP level 5. HP: 19/42 MP: 5/5
  1019 | D:2      | Found a shadowy altar of Dithmenos.
  1254 | D:2      | Noticed Jessica
  1257 | D:2      | Killed Jessica
  1322 | D:2      | Found Idegg's General Store.
  1464 | D:3      | Upgraded the game from 0.30.0-29-ga12c61a403 to 0.30.1
  1523 | D:$      | Got out of the dungeon alive.

Illustrated notes

Levels and vault maps discovered:
D:1:      spicycebolla_arrival_xxxplode, layout_basic, serial_glass,
          glass_columns_b, glass_columns_a, glass_columns_a, glass_columns_a,
          glass_columns_b, glass_columns_a, grunt_decor_junction
D:2:      layout_loops_ring, serial_shops, nicolae_shop_back_alley_shop,
          basic_altar, uniq_sigmund, uniq_jessica
D:3:      cheibrodos_fertilizer, layout_basic, grunt_gozag_breadcrumbs,
          mainiacjoe_overflow_big_doors, cheibriados_altar_1,
          mainiacjoe_overflow_swirl, general_overflow_altar, serial_shops, shop

Skill      XL: |  1  2 |
---------------+-------+-----
Axes           | 2 4 |  4.4
Fighting       | 4 |  4.3
Armour         | |  2.7
Shields        | |  2.7

Action                     |  1- 3 |  4- 6 || total
---------------------------+-------+-------++-------
  Melee: War axe           |    33 |    13 ||    46
         Headbutt          |     3 |     1 ||     4
    Use: Potion            |     3 |     1 ||     4
         Scroll            |     2 |     3 ||     5
 Armour: Scale mail        |    10 |    10 ||    20
  Dodge: Dodged            |    16 |     9 ||    25
  Block: Buckler           |     7 |     1 ||     8
